 Dungeon Crawl Stone Soup version 0.23.2-11-gf996548c65 (webtiles) character file.

Game seed: 7260967816620215365

398 MalarOregon the Ruffian (level 6, -1/52 HPs)
             Began as a Ghoul Warper on June 4, 2019.
             Killed from afar by an orc wizard (8 damage)
             ... with a magic dart
             ... on level 3 of the Dungeon.
             The game lasted 00:06:59 (5742 turns).

MalarOregon the Ruffian (Ghoul Warper)              Turns: 5742, Time: 00:06:59

Health: -1/52      AC:  3    Str: 18    XL:     6   Next: 83%
Magic:  7/7        EV: 12    Int:  9    God:
Gold:   229        SH:  0    Dex:  9    Spells: 8/8 levels left

rFire    . . .     SeeInvis .     - Unarmed
rCold    + . .     Gourm    .   (no shield)
rNeg     + + +     Faith    .   a - +0 leather armour
rPois    ∞         Spirit   .   (no helmet)
rElec    .         Reflect  .   (no cloak)
rCorr    .         Harm     .   (no gloves)
MR       .....                  (no boots)
Stlth    +.........             (no amulet)
HPRegen  0.00/turn              b - +3 ring of strength
MPRegen  0.10/turn              (no ring)

@: rotting
A: rotting body, claws 1, carnivore, cold resistance 1, negative energy
resistance 3, inhibited regeneration, torment resistance, unbreathing
a: no special abilities


You were on level 3 of the Dungeon.
You were not hungry.

You visited 1 branch of the dungeon, and saw 4 of its levels.

You collected 229 gold pieces.

Inventory:

Missiles
 d - 5 tomahawks of dispersal {!f}
 g - 2 tomahawks (quivered)
 p - a throwing net {!f}
Armour
 a - a +0 leather armour (worn)
 h - a cursed -1 helmet
   (You took it off Robin on level 1 of the Dungeon)
Jewellery
 b - a +3 ring of strength (left claw)
   (You found it on level 1 of the Dungeon)
Scrolls
 c - a scroll of blinking
 f - 6 scrolls of identify {@r1}
 i - 3 scrolls of teleportation {unknown}
 j - a scroll of immolation {unknown}
 o - a scroll of enchant weapon {unknown}
 s - a scroll of remove curse {unknown}
Potions
 k - a potion of lignification {unknown}
 l - a potion of haste {unknown}
 m - a potion of heal wounds {unknown}
 n - 2 potions of berserk rage {unknown}
 r - a potion of degeneration {unknown}
Comestibles
 e - 6 rations {!d}


   Skills:
 + Level 3.9 Fighting
 - Level 0.8 Throwing
 + Level 2.7 Armour
 + Level 3.2 Dodging
 * Level 5.1 Unarmed Combat
 - Level 1.7 Spellcasting
   Level 2.6 Translocations


You had 8 spell levels left.
You didn't know any spells.
Your spell library contained the following spells:

 Spells                   Type           Power        Failure   Level  Hunger
 Blink                    Tloc           N/A          21%         2    ###....
 Shroud of Golubria       Chrm/Tloc      #.........   34%         2    ###....
 Gell's Gravitas          Tloc           #.........   38%         3    ####...
 Lesser Beckoning         Tloc           #.........   38%         3    ####...
 Teleport Other           Tloc           #.......     38%         3    ####...
 Passage of Golubria      Tloc           N/A          80%         4    #####..


Dungeon Overview and Level Annotations

Branches:
Dungeon (4/15)
 Temple: D:4-7

Altars:


Innate Abilities, Weirdness & Mutations

Your body is rotting away.
You thrive on raw meat.
You are immune to poison.
You have sharp fingernails.
You are carnivorous and can eat meat at any time.
Your flesh is cold resistant. (rC+)
You are immune to negative energy. (rN+++)
You do not regenerate when monsters are visible.
You are immune to unholy pain and torment.
You can survive without breathing.


Message History

You kill the orc!
An orc comes into view. It is wielding a +0 club.
You barely miss the orc wizard.
The orc shouts!
The orc wizard hits you but does no damage.
You closely miss the orc wizard. The orc wizard barely misses you.
You closely miss the orc wizard.
The orc wizard gestures at you while chanting.
The magic dart hits you.
You barely miss the orc wizard. The orc closely misses you.
The orc wizard casts a spell at you.
You are confused.
Really go through this one-way escape hatch?
The orc wizard hits you with a +0 dagger.
A mysterious force pulls you upwards. The hatch slams shut behind you.
You miss the orc wizard. The orc hits you with a +0 hand axe.
You miss the orc wizard. The orc wizard misses you.
The orc hits you with a +0 hand axe!
You closely miss the orc.
The orc wizard hits you with a +0 dagger.
The orc hits you with a +0 hand axe.
You scratch the orc wizard but do no damage.
You feel less confused. The orc wizard casts a spell at you.
You are confused.
The orc hits you with a +0 hand axe.
* * * LOW HITPOINT WARNING * * *
You scratch the orc but do no damage.
The orc wizard gestures at you while chanting.
You are more confused.
The orc hits you but does no damage.
You miss the orc wizard.
The orc wizard hits you with a +0 dagger.
* * * LOW HITPOINT WARNING * * *
You bump into the rock wall.
The orc hits you with a +0 hand axe.
* * * LOW HITPOINT WARNING * * *
The orc wizard hits you with a +0 dagger.
* * * LOW HITPOINT WARNING * * *
You're too confused!
Unknown command.
It was a potion of curing.
You feel better. The orc hits you with a +0 hand axe.
* * * LOW HITPOINT WARNING * * *
The orc wizard hits you with a +0 dagger.
* * * LOW HITPOINT WARNING * * *
You scratch the orc wizard. The orc hits you with a +0 hand axe.
* * * LOW HITPOINT WARNING * * *
The orc wizard points at you and mumbles some strange words.
The magic dart hits you!
You die...

#...............[..
#...#####..........
##....###..........
####..##..........
##..#..........
##>...........
##.#......##.
#######.#...##..##
##@......#.........
##.oo)....####......
#...[......###......
#..............#....
#..........#####....
#.>........# ##...
#..........# #...
##.........# ####...
##........####......


You could see an orc wizard and an orc.

Vanquished Creatures
  2 centaur skeletons (D:4)
  Jessica (D:3)
  3 iguanas
  A worker ant (D:4)
  Robin (D:1)
  4 gnolls
  7 adders
  3 oozes
  2 worms (D:2)
  A dart slug (D:2)
  2 leopard geckos
  4 orcs
  2 ball pythons
  6 bats
  5 giant cockroaches
  8 hobgoblins
  5 jackals (D:2)
  5 kobolds
  A quokka (D:3)
  7 frilled lizards
  10 goblins
  7 rats
87 creatures vanquished.

Notes
Turn   | Place    | Note
-------+----------+-------------------------------------------
     0 | D:1      | MalarOregon the Ghoul Warper began the quest for the Orb.
     0 | D:1      | Reached XP level 1. HP: 17/17 MP: 2/2
   142 | D:1      | Reached skill level 1 in Armour
   194 | D:1      | Reached XP level 2. HP: 25/25 MP: 3/3
   841 | D:2      | Reached XP level 3. HP: 21/30 MP: 4/4
  1183 | D:2      | Noticed Robin
  1202 | D:1      | Reached skill level 3 in Unarmed Combat
  1411 | D:1      | Killed Robin
  2338 | D:2      | Reached XP level 4. HP: 35/37 MP: 5/5
  2695 | D:2      | Reached XP level 5. HP: 10/45 MP: 6/6
  3035 | D:3      | Reached skill level 4 in Unarmed Combat
  3915 | D:3      | Noticed Jessica
  3920 | D:3      | Killed Jessica
  3920 | D:3      | Reached XP level 6. HP: 51/51 MP: 7/7
  5708 | D:4      | Reached skill level 5 in Unarmed Combat
  5742 | D:3      | Killed from afar by an orc wizard

Skill      XL: |  1  2  3  4  5  6 |
---------------+-------------------+-----
Armour         | 1 2 |  2.7
Dodging        | 2 3 |  3.2
Unarmed Combat | 3 4 5 |  5.1
Fighting       | 3 |  3.9
Throwing       | |  0.8
Spellcasting   | |  1.7
Translocations | |  2.6

Action                   |  1- 3 |  4- 6 || total
-------------------------+-------+-------++-------
Melee: Unarmed           |   156 |   223 ||   379
       Punch             |       |     1 ||     1
Throw: Tomahawk          |       |     5 ||     5
  Use: Potion            |     1 |     1 ||     2
       Scroll            |     2 |       ||     2
  Eat: Chunk             |     5 |    25 ||    30
Armor: Leather armour    |    51 |    39 ||    90
Dodge: Dodged            |   133 |   136 ||   269
